 Dungeon Crawl Stone Soup version 0.30.0-5-g1a98f26d00 (webtiles) character file.

Game seed: 15389909074896891293

77 SnakkuSnakku7 the Firebug (level 4, -11/35 HPs)
             Began as a Human Cinder Acolyte on May 11, 2023.
             Was a Priest of Ignis.
             Killed by nerve-wracking pain
             ... invoked by an orc priest
              (13 damage)
             ... on level 2 of the Dungeon on May 12, 2023.
             The game lasted 00:03:44 (1003 turns).

SnakkuSnakku7 the Firebug (Human Cinder Acolyte)    Turns: 1003, Time: 00:03:45

Health: -11/35     AC: 10    Str: 15    XL:     4   Next: 58%
Magic:  5/5        EV: 11    Int: 22    God:    Ignis [***...]
Gold:   117        SH:  0    Dex:  8    Spells: 3/5 levels left

rFire   + . .        j - +0 flail
rCold   . . .        (no shield)
rNeg    . . .        c - +0 leather armour
rPois   .            (no helmet)
rElec   .            (no cloak)
rCorr   .            (no gloves)
SInv    .            (no boots)
Will    .....        (no amulet)
Stlth   +            d - +6 ring of intelligence
HPRegen 0.25/turn    (no ring)
MPRegen 0.09/turn

%: no passive effects
@: fiery-armoured
A: no striking features
a: Renounce Religion, Fiery Armour, Foxfire Swarm, Rising Flame


You were on level 2 of the Dungeon.
You worshipped Ignis.
Ignis was most pleased with you.
You visited 1 branch of the dungeon, and saw 2 of its levels.

You collected 117 gold pieces.

Inventory:

Hand Weapons
 a - a -1 mace of flaming
 j - a +0 flail (weapon)
Armour
 b - a +0 robe
 c - a +0 leather armour (worn)
Jewellery
 d - a +6 ring of intelligence (left hand)
Scrolls
 g - a scroll of enchant weapon {unknown}
 h - 2 scrolls of identify {unknown}
 i - a scroll of immolation {unknown}
Potions
 e - a potion of curing {unknown}
 f - a potion of flight {unknown}


   Skills:
 - Level 3.0 Fighting
 - Level 3.0 Maces & Flails
 - Level 1.0 Spellcasting
 + Level 5.0 Fire Magic


You had 3 spell levels left.
You knew the following spells:

 Your Spells              Type           Power      Damage    Failure   Level
a - Scorch                Fire           46%        2d7       3%          2

Your spell library contained the following spells:

 Spells                   Type           Power      Damage    Failure   Level


Dungeon Overview and Level Annotations

Branches:
Dungeon (2/15)

Altars:


Message History

The jackal bites you but does no damage.
The jackal is burned by your cloak of flames.
You kill the jackal!
You hit the jackal.
The jackal is heavily wounded.
The jackal closely misses you. The orc priest closely misses you.
The jackal misses you. The orc priest barely misses you.
You closely miss the orc priest. The jackal closely misses you.
The orc priest hits you with a +0 flail.
The orc priest is burned by your cloak of flames.
The orc priest is lightly wounded.
You barely miss the orc priest.
The orc priest is lightly wounded.
The jackal bites you but does no damage.
The jackal is burned by your cloak of flames.
The jackal is almost dead.
The jackal bites you but does no damage.
The jackal is burned by your cloak of flames.
You kill the jackal!
The orc priest misses you.
You hit the orc priest.
The orc priest is lightly wounded.
The orc priest hits you with a +0 flail.
The orc priest is burned by your cloak of flames.
The orc priest is moderately wounded.
You hit the orc priest.
The orc priest is heavily wounded.
The orc priest barely misses you.
You closely miss the orc priest.
The orc priest is heavily wounded.
The orc priest barely misses you.
The orc priest calls down the wrath of Beogh upon you.
Beogh smites you!
* * * LOW HITPOINT WARNING * * *
Activating: Foxfire Swarm
Press: ? - help, Dir - look around, f - activate Flames leap up around you!
The orc priest mumbles some strange prayers to Beogh against you.
Pain shoots through your body!
You die...

###########
#.........# ######
#.........# #....#
#.........# ###.##.#
#.........####...##.#
#...........##.####o#
######....).##v# #..
#########.....v##o#
#.o
.....##.......vv@v#
#.#.
.....##.#.....v####
#.#. .....##.#......#
#...#
.....##....#####
.........#.#
......##.#.#
.........#.#
##.#.....#..
#.#####.#.#


You could see an orc priest (ally target).

Vanquished Creatures
  An orc priest (D:2)
  2 dart slugs (D:1)
  An orc (D:2)
  4 ball pythons
  An endoplasm (D:1)
  5 giant cockroaches (D:1)
  4 goblins
  3 hobgoblins (D:1)
  4 jackals (D:2)
  A quokka (D:1)
  5 bats
  3 frilled lizards (D:1)
  3 kobolds (D:1)
  2 rats (D:1)
39 creatures vanquished.

Vanquished Creatures (others)
  15 foxfires (D:2)
15 creatures vanquished.

Grand Total: 54 creatures vanquished

Notes
Turn   | Place    | Note
-------+----------+-------------------------------------------
     0 | D:1      | SnakkuSnakku7 the Human Cinder Acolyte began the quest for
                  | the Orb.
     0 | D:1      | Reached XP level 1. HP: 18/18 MP: 2/2
   185 | D:1      | Reached XP level 2. HP: 22/24 MP: 3/3
   201 | D:1      | Learned a level 2 spell: Scorch
   350 | D:1      | Reached skill level 4 in Fire Magic
   350 | D:1      | Reached XP level 3. HP: 24/29 MP: 1/4
   955 | D:2      | Reached skill level 5 in Fire Magic
   955 | D:2      | Reached XP level 4. HP: 24/35 MP: 2/5
  1003 | D:2      | Killed from afar by an orc priest

Illustrated notes

Levels and vault maps discovered:
D:1:      minmay_arrival_doors, layout_loops_ring,
          minmay_misc_feat_secret_circle
D:2:      minmay_angry_zag, layout_basic, basic_altar,
          nicolae_kite_square_tiling_tiny, uniq_sigmund

Skill      XL: |  1  2  3 |
---------------+----------+-----
Fire Magic     | 4 5 |  5.0
Fighting       | |  3.0
Maces & Flails | |  3.0
Spellcasting   | |  1.0

Action                     |  1- 3 |  4- 6 || total
---------------------------+-------+-------++-------
  Melee: Mace              |    64 |       ||    64
         Flail             |       |    21 ||    21
   Cast: Scorch            |    13 |       ||    13
 Invoke: Fiery Armour      |     1 |     1 ||     2
         Foxfire Swarm     |     1 |     1 ||     2
 Armour: Robe              |     5 |       ||     5
         Leather armour    |    24 |    11 ||    35
  Dodge: Dodged            |    45 |    19 ||    64
